 Dungeon Crawl Stone Soup version 0.29.0-11-gd7f09526c8 (webtiles) character file.

Game seed: 9538709521425378306

65 sanka the Vexing (level 3, 0/27 HPs)
             Began as a Demigod Arcane Marksman on Sept 5, 2022.
             Slain by Natasha (3 damage)
             ... on level 2 of the Dungeon.
             The game lasted 00:02:53 (1524 turns).

sanka the Vexing (Demigod Arcane Marksman)          Turns: 1524, Time: 00:02:54

Health: 0/27       AC:  2    Str: 11    XL:     3   Next: 67%
Magic:  4/8        EV: 12    Int: 19    God:
Gold:   110        SH:  0    Dex: 14    Spells: 5/6 levels left

rFire   . . .      SeeInvis .   a - +1 sling
rCold   . . .      Faith    .   (no shield)
rNeg    . . .      Spirit   .   c - +0 robe
rPois   .          Reflect  .   (no helmet)
rElec   .          Harm     .   (no cloak)
rCorr   .          Rampage  .   (no gloves)
Will    .....                   (no boots)
Stlth   +.........              o - amulet of the acrobat
HPRegen 0.09/turn               (no ring)
MPRegen 0.11/turn               (no ring)

@: slowed, very slow
A: high MP 1, forlorn, divine attributes
a: no special abilities


You were on level 2 of the Dungeon.
You visited 1 branch of the dungeon, and saw 2 of its levels.

You collected 110 gold pieces.


Innate Abilities, Weirdness & Mutations

You have an increased reservoir of magic. (+10% MP)
You shall have no god before yourself.
Your divine heritage dramatically boosts your attributes as you level up.


   Skills:
 - Level 0.8 Fighting
 - Level 2.0 Ranged Weapons
 - Level 1.7 Dodging
 - Level 2.0 Spellcasting
 + Level 3.8 Hexes


You had 5 spell levels left.
You knew the following spells:

 Your Spells              Type           Power      Damage    Failure   Level
z - Slow                  Hex            64%        N/A       3%          1

Your spell library contained the following spells:

 Spells                   Type           Power      Damage    Failure   Level
 Inner Flame              Hex/Fire       9%         N/A       22%         3
 Portal Projectile        Hex/Tloc       18%        N/A       22%         3
 Cause Fear               Hex            8%         N/A       34%         4

Inventory:

Hand Weapons
 a - a +1 sling (weapon)
Armour
 c - a +0 robe (worn)
Jewellery
 o - an amulet of the acrobat (around neck)
Scrolls
 b - 3 scrolls of poison {!r}
 d - 2 scrolls of blinking {unknown}
 f - a scroll of identify {unknown}
 i - 3 scrolls of teleportation {unknown}
 j - 2 scrolls of immolation {unknown}
 m - a scroll of butterflies {unknown}
 n - a scroll of brand weapon {unknown}
Potions
 e - a potion of heal wounds {unknown}
 g - 3 potions of flight {unknown}
 h - 2 potions of lignification {unknown}
 k - 2 potions of brilliance {unknown}
 l - a potion of degeneration {unknown}

Dungeon Overview and Level Annotations

Branches:
Dungeon (2/15)

Annotations:
D:2 Natasha

▒▒▒ ▒▒▒.. ▒▒▒▒▒▒▒▒...▒
▒▒▒........▒▒▒
▒▒▒▒▒▒▒▒▒▒▒.5.▒▒▒▒▒▒▒▒
▒...55hp....▒▒▒
......▒▒▒▒▒▒▒▒▒▒▒
..... .... ..5 ..
▒▒▒▒▒▒▒▒ .
.......▒▒▒▒▒▒▒▒▒▒▒▒
▒▒...............
▒▒.....▒▒▒▒▒▒▒▒▒▒▒


You could see Natasha (slow), a crimson imp (summoned), a white imp (summoned)
and a shadow imp (summoned).


Message History

You feel disoriented. Natasha claws you!
* * * LOW HITPOINT WARNING * * *
The crimson imp hits you.
* * * LOW HITPOINT WARNING * * *
You shoot a sling bullet.
The sling bullet closely misses Natasha.
The sling bullet hits the white imp but does no damage.
The white imp is lightly wounded.
The crimson imp closely misses you.
Natasha mumbles some strange words.
You feel troubled.
Natasha stares at you and mumbles some strange words.
You feel yourself slow down.
Aiming: Slow (safe; 3% risk of failure)
Aim: Natasha (heavily wounded, slow, chance to affect: 55%) Natasha resists with significant effort.
The crimson imp closely misses you. Natasha misses you.
The crimson imp blinks!
Aiming: Slow (safe; 3% risk of failure)
Aim: Natasha (heavily wounded, slow, chance to affect: 55%) Natasha resists with significant effort.
Natasha claws you!
* * * LOW HITPOINT WARNING * * *
Aiming: Slow (safe; 3% risk of failure)
Aim: Natasha (heavily wounded, slow, chance to affect: 55%) Natasha seems to slow down.
Natasha claws you.
You die...

Action                   || total
-------------------------++-------
 Fire: Sling             ||   129
 Cast: Slow              ||     6
Armor: Robe              ||     8
Dodge: Dodged            ||    43

Levels and vault maps discovered:
D:1:      onia_arrival_mini_maze_b, layout_basic,
          dreamdust_ecumenical_altar_sealed_demon, hex_intersection
D:2:      layout_rooms, uniq_natasha

Notes
Turn   | Place    | Note
-------+----------+-------------------------------------------
     0 | D:1      | sanka the Demigod Arcane Marksman began the quest for the
                  | Orb.
     0 | D:1      | Reached XP level 1. HP: 15/15 MP: 4/4
    21 | D:1      | Reached skill level 2 in Ranged Weapons
   162 | D:1      | Reached skill level 3 in Hexes
   167 | D:1      | Reached XP level 2. HP: 18/22 MP: 6/6
   536 | D:1      | Reached XP level 3. HP: 27/27 MP: 8/8
   653 | D:1      | Reached skill level 2 in Spellcasting
   989 | D:1      | Noticed a sixfirhy
  1503 | D:2      | Noticed Natasha
  1524 | D:2      | Slain by Natasha

Vanquished Creatures
  A gnoll (D:1)
  An adder (D:2)
  3 dart slugs (D:1)
  3 bats
  5 endoplasms
  A giant cockroach (D:1)
  2 goblins (D:1)
  5 hobgoblins
  4 jackals (D:1)
  4 kobolds (D:1)
  3 frilled lizards (D:1)
  5 rats
37 creatures vanquished.
